Unix NetHack Version 5.0.0-0 post-release - last build May 10 2026 23:12:36 (d1fa5d53e341ca933230fdaa984d921c805b60aa,branch:main).

Game began 2026-05-14 12:30:29, ended 2026-05-14 12:42:19.

DaveT, lawful male human Priest

                 ----------                       -----
                 |.......`.#################      |...|
                 |........|                ##     |.>.|     --#--
                 |.<......|                 #     ....|     |...|      -----
                 ------|---                 ##    |....#    |...|      |..(|
                       #                   ##     -----#####-.{..#     +...|
                       #             -------#         ##   #|...|#     |...|
                       #             |.)...|#          #    -----#     -.---
                       #             |.....|# ##       #         ##     #
                       #          ###.......###       ###  ##    ###    #
                       #          #  -------################      #    ##
                       ##         #                   #-[--+-#    #    #
                        #     #####                   #|..[@.#    ### ##
                        #     #                       #|)*.f|   #########
                        #     #                       #+.*.*|  ##   `-.-.---
                 -------|---- #                        ---.--  #    #......|
                 |...........##                           ######     |.....|
                 |.....^....|                                        |.....|
                 ------------                                        -------

DaveT the Acolyte            St:12 Dx:13 Co:11 In:12 Wi:18 Ch:10  Lawful
Dlvl:1  $:69 HP:0(29) Pw:46(46) AC:6  Xp:4 T:1840 

Latest messages:
 The immobile brown mold seems to flinch.
 You miss the brown mold.
 You are suddenly very cold!
 You hit the brown mold!
 You are suddenly very cold!
 Felix bites the brown mold.
 The brown mold is killed!
 Felix picks up an iron skull cap.
 Felix picks up a rock.
 You see here a red mold corpse.
 Felix drops a rock.
 There is a red mold corpse here; eat it? [ynq] (n) y
 Ulch - that fungoid vegetation was tainted!
 You feel deathly sick.
 (It must have died too long ago to be safe to eat.)
 Are you sure you want to pray? [yn] (n) y
 You begin praying to Tyr.
 You are surrounded by a shimmering light.
 You finish your prayer.
 You feel that Tyr is well-pleased.
 You feel better.
 Felix picks up a rock.
 Felix drops a rock.
 A rock lands on the altar.
 There is an altar to Tyr (lawful) here.
 You see here a rock.
 Felix picks up a rock.
 Felix drops a rock.
 A rock lands on the altar.
 In what direction? j
 You kick a rock.
 In what direction? j
 You kick a rock.
 You hear the splashing of a naiad.
 Felix picks up a rock.
 You miss the kobold.
 The acid blob oozes under the door.
 You miss the kobold.
 The kobold hits!
 Felix bites the kobold.
 The kobold is killed!
 Felix grows up into a housecat.
 You hit the acid blob.
 You are splashed by the acid blob's acid!
 You kill the acid blob!
 You are splashed by the acid blob's acid!
 You die...
 Do you want your possessions identified? [ynq] (y) y
 Do you want to see your attributes? [ynq] (y) y
 Do you want an account of creatures vanquished? [ynaq] (y) q

Inventory:
 Coins    ('$')
  $ - 69 gold pieces
 Weapons  (')')
  P - 4 +1 darts
  j - 20 +0 darts
  r - 2 +0 orcish daggers
  v - the +1 Demonbane (weapon in right hand)
  a - a blessed +1 mace
 Armor    ('[')
  M - a +0 orcish helm (being worn)
  c - a +0 small shield (being worn)
  b - a +0 robe (being worn)
 Comestibles  ('%')
  x - 2 carrots
  e - a clove of garlic
  w - a food ration
  f - a sprig of wolfsbane
 Scrolls  ('?')
  J - a scroll of create monster
  G - a scroll of remove curse
 Potions  ('!')
  l - a potion of healing
  d - 3 potions of holy water
 Rings    ('=')
  k - a ring of warning (on left hand)
 Wands    ('/')
  m - a wand of make invisible (0:6)
 Tools    ('(')
  N - a sack containing 1 item
  H - a cursed bag of tricks (0:5)
  O - a can of grease (0:6)

Contents of the sack:
  an amber stone

DaveT the Priest's attributes:

Background:
 You were an Acolyte, a level 4 human Priest.
 You were lawful, on a mission for Tyr
 who was opposed by Odin (neutral) and Loki (chaotic).
 You were right-handed.
 You were in the Dungeons of Doom, on level 1.
 You entered the dungeon 1840 turns ago.
 You had 139 experience points, 21 more were needed to attain level 5.

Basics:
 You had 0 out of 29 hit points.
 You had all 46 energy points (spell power).
 Your armor class was 6.
 Your wallet contained 69 zorkmids.
 Autopickup was off.

Final Characteristics:
 Your strength was 12 (limit:18/100).
 Your dexterity was 13 (limit:18).
 Your constitution was 11 (limit:18).
 Your intelligence was 12 (limit:18).
 Your wisdom was 18 (limit:18).
 Your charisma was 10 (limit:18).

Final Status:
 You weren't hungry.
 You were unencumbered.
 You were wielding a mace.
 You had basic skill with mace.

Final Attributes:
 You were devoutly aligned.
 You were warned.
 You were guarded.
 Your spell casting was enhanced by wearing a robe.
 You are dead.

Miscellaneous:
 You didn't encounter any bones levels.
 Total elapsed playing time was 11 minutes and 49 seconds.

Major events:
 Turn
    1: DaveT the lawful human Priest entered the dungeon
  540: attained the rank of Acolyte (level 3)
  560: was bestowed with Demonbane by Tyr
 1164: entered the Gnomish Mines
 1840: killed by an acid blob

Spells:
 Name                 Level Category     Fail Retention
 detect monsters        1   divination     0%  76%-100%
 create monster         2   clerical       0%  91%-100%
 protection             1   clerical       0%  91%-100%

Skills:
 Fighting Skills
   bare handed combat [Unskilled]
 Weapon Skills
   club               [Unskilled]
   mace               [Basic]
   morning star       [Unskilled]
   flail              [Unskilled]
   hammer             [Unskilled]
   quarterstaff       [Unskilled]
   polearms           [Unskilled]
   spear              [Unskilled]
   trident            [Unskilled]
   lance              [Unskilled]
   bow                [Unskilled]
   sling              [Unskilled]
   crossbow           [Unskilled]
   dart               [Unskilled]
   shuriken           [Unskilled]
   boomerang          [Unskilled]
   unicorn horn       [Unskilled]
 Spellcasting Skills
   healing spells     [Unskilled]
   divination spells  [Unskilled]
   clerical spells    [Basic]

Voluntary challenges:
 Character rerolling was not enabled.
 You never genocided any monsters.
 You never polymorphed an object.
 You never changed form.
 You used no wishes.
Achievements:
 You attained the rank of Acolyte.
 You entered a shop.
 You entered the Gnomish Mines.

 The Dungeons of Doom: levels 1 to 4
    Level 1: "vault" <- You were here.
       An altar to Tyr, some fountains.
       Final resting place for
          you, killed by an acid blob.
    Level 2:
       A general store, a fountain.
    Level 3:
       Stairs down to The Gnomish Mines.
    Level 4:
 The Gnomish Mines: levels 4 to 5
    Level 4:
    Level 5:


Vanquished creatures:
  a giant bat
  2 acid blobs
  a gas spore
  a hobbit
  a large kobold
  2 giant rats
  a cave spider
  a brown mold
  a yellow mold
  a red mold
  5 geckos
 11 jackals
  2 foxes
  4 kobolds
  9 goblins
  a sewer rat
  3 grid bugs
  2 bats
  5 lichens
  a kobold zombie
 12 newts
67 creatures vanquished.

No species were genocided or became extinct.

Game over:
                       ----------
                      /          \
                     /    REST    \
                    /      IN      \
                   /     PEACE      \
                  /                  \
                  |      DaveT       |
                  |      69 Au       |
                  |   killed by an   |
                  |    acid blob     |
                  |                  |
                  |                  |
                  |       2026       |
                 *|     *  *  *      | *
        _________)/\\_//(\/(/\)/\//\/|_)_______

Goodbye DaveT the Priest...

You died in The Dungeons of Doom on dungeon level 1 with 839 points,
and 69 pieces of gold, after 1840 moves.
You were level 4 with a maximum of 29 hit points when you died.

